 Dungeon Crawl Stone Soup version 0.27.1-33-g824d729ab1 (webtiles) character file.

Game seed: 13889078147971651554

23549 KrombopulosMichael the Thaumaturge (level 13, -1/85 HPs)
             Began as a Formicid Earth Elementalist on Dec 31, 2021.
             Was the Champion of Cheibriados.
             Slain by a sixfirhy (4 damage)
             ... summoned by an orc sorcerer
             ... on level 2 of the Orcish Mines.
             The game lasted 01:17:29 (18248 turns).

KrombopulosMichael the Thaumaturge (FoEE)          Turns: 18248, Time: 01:17:29

Health: -1/85      AC: 18    Str: 27 (28) XL:     13   Next: 36%
Magic:  24/30      EV: 12    Int: 41      God:    Cheibriados [******]
Gold:   1528       SH:  0    Dex: 34 (35) Spells: 18/39 levels left

rFire    + . .     SeeInvis +   k - +2 flail (drain)
rCold    + + .     Faith    .   (no shield)
rNeg     . . .     Spirit   .   v - +5 chain mail of Henotheism {Contam rC+ Dex+4 SInv}
rPois    +         Reflect  .   (helmet unavailable)
rElec    +         Harm     .   (no cloak)
rCorr    +         Rampage  .   (no gloves)
Will     +....                  q - +1 pair of boots
Stlth    ++........             (no amulet)
HPRegen  0.24/turn              f - +6 ring of intelligence
MPRegen  0.22/turn              x - ring "Wyjeamil" {Wiz Dex+5}

@: resistant, very slow
A: permanent stasis, dig shafts and tunnels, antennae 3, four strong arms,
camouflage 1, deterioration 1, frail 1, screaming 1
a: Dig, Shaft Self, Renounce Religion, Bend Time, Temporal Distortion, Slouch,
Step From Time


You were on level 2 of the Orcish Mines.
You worshipped Cheibriados.
Cheibriados was exalted by your worship.
You visited 4 branches of the dungeon, and saw 14 of its levels.
You also visited: Bailey.

You collected 1528 gold pieces.

Inventory:

Hand Weapons
 k - a +2 flail of draining (weapon)
 m - a +2 rapier of draining
 t - the +4 mace "Jellybane" {flame, Will+}
   (You found it in a bailey)

   It burns those it strikes, dealing additional fire damage.
   Will:      It increases your willpower.
Missiles
 c - 256 stones
 d - 33 javelins (quivered)
 r - a throwing net
Armour
 n - a +0 leather armour of cold resistance
 q - a +1 pair of boots (worn)
 v - the +5 chain mail of Henotheism (worn) {Contam rC+ Dex+4 SInv}
   (You found it on level 8 of the Dungeon)

   Dex:       It affects your dexterity (+4).
   rC:        It protects you from cold.
   SInv:      It lets you see invisible.
   Contam:    It causes magical contamination when unequipped.
Magical Staves
 w - a staff of death
Jewellery
 f - a +6 ring of intelligence (left hand)
 i - a ring of poison resistance
 s - a +6 ring of dexterity
 x - the ring "Wyjeamil" (right hand) {Wiz Dex+5}
   (You found it on level 9 of the Dungeon)

   [ring of wizardry]

   It improves your spell success rate.
   Dex:       It affects your dexterity (+5).
 z - a +4 ring of protection
 C - a ring of flight
Wands
 a - a wand of flame (2)
 j - a wand of polymorph (27)
 y - a wand of digging (6)
Scrolls
 h - 2 scrolls of enchant armour
 u - 4 scrolls of vulnerability
 A - a scroll of magic mapping
Potions
 e - a potion of curing
 g - 2 potions of resistance


   Skills:
 * Level 6.7 Fighting
 + Level 5.2 Maces & Flails
 + Level 1.9 Throwing
 * Level 9.7 Armour
 + Level 3.0 Dodging
 + Level 4.2 Stealth
 * Level 13.7 Spellcasting
 + Level 4.3 Conjurations
 + Level 3.0 Hexes
 + Level 1.2 Necromancy
 + Level 1.5 Transmutations
 + Level 10.3 Earth Magic
 + Level 2.6 Evocations


You had 18 spell levels left.
You knew the following spells:

 Your Spells              Type           Power      Damage    Failure   Level
a - Sandblast             Erth           100%       2d20      1%          1
b - Petrify               Tmut/Erth      67%        N/A       1%          4
c - Stone Arrow           Conj/Erth      100%       3d13      1%          3
d - Corona                Hex            57%        N/A       1%          1
e - Tukima's Dance        Hex            52%        N/A       1%          3
f - Borgnjor's Vile Clut  Necr/Erth      33%        N/A       5%          5
g - Animate Dead          Necr           19%        N/A       12%         4

Your spell library contained the following spells:

 Spells                   Type           Power      Damage    Failure   Level
 Animate Skeleton         Necr           76%        N/A       1%          1
 Pain                     Necr           100%       1d9       1%          1
 Ensorcelled Hibernation  Hex/Ice        80%        N/A       1%          2
 Passwall                 Tmut/Erth      55%        N/A       1%          2
 Conjure Flame            Conj/Fire      45%        6-21      2%          3
 Vampiric Draining        Necr           19%        2d8       3%          3
 Ignite Poison            Fire/Tmut/Pois 32%        N/A       4%          3
 Sticky Flame             Conj/Fire      45%        2d6       9%          4
 Irradiate                Conj/Tmut      25%        3d22      16%         5
 Blade Hands              Tmut           20%        N/A       28%         5
 Death Channel            Necr           19%        N/A       86%         6
 Dragon Form              Tmut           20%        N/A       100%        7


Dungeon Overview and Level Annotations

Branches:
Dungeon (9/15)             Temple (1/1) D:6            Lair (2/6) D:9
 Spider (0/4) Lair:2          Orc (2/2) D:9          Bailey (visited)
  Swamp: Lair:2-4    Shoals: Lair:2-4       Elf: Orc:2

Altars:
Cheibriados
Dithmenos
Elyvilon
Fedhas
Gozag
Hepliaklqana
Kikubaaqudgha
Makhleb
Nemelex Xobeh
Okawaru
Qazlal
Sif Muna
Trog
Uskayaw
Vehumet
Wu Jian
Xom
Yredelemnul
Zin
The Shining One
Beogh

Shops:
D:6 [   D:8 =   Orc:2 [:**


Innate Abilities, Weirdness & Mutations

You cannot be hasted, slowed, berserked, paralysed or teleported.
You can dig through walls and to a lower floor.
You have a pair of large antennae on your head. (SInv)
Your four strong arms can wield two-handed weapons with a shield.
Your skin changes colour to match your surroundings (Stealth+).
Your body sometimes deteriorates upon taking damage.
You are frail. (-10% HP)
You occasionally shout uncontrollably at your foes.


Message History

The sixfirhy hits you but does no damage.
Okay, then.
You retract your mandibles.
You miss the sixfirhy. The sixfirhy closely misses you. The sixfirhy hits you.
The sixfirhy shocks you!
* * * LOW HITPOINT WARNING * * *
The sixfirhy barely misses you.
Unknown command.
You feel protected.
You feel better.
Unknown command.
Unknown command.
Casting: Stone Arrow (safe; 1% risk of failure)
Confirm with . or Enter, or press ? or * to list all spells.
Aiming: Stone Arrow (safe; 1% risk of failure)
Press: ? - help, Shift-Dir - straight line, f - sixfirhy
Aim: a sixfirhy (summoned, 50% to hit)
The stone arrow hits the sixfirhy!
The sixfirhy is moderately wounded.
The sixfirhy hits you but does no damage. x2
The sixfirhy closely misses you.
The sixfirhy hits you but does no damage.
Casting: Stone Arrow (safe; 1% risk of failure)
Confirm with . or Enter, or press ? or * to list all spells.
Aiming: Stone Arrow (safe; 1% risk of failure)
Press: ? - help, Shift-Dir - straight line, f/p - sixfirhy
Aim: a sixfirhy (moderately wounded, summoned, 50% to hit)
The stone arrow misses the sixfirhy.
The sixfirhy hits you.
* * * LOW HITPOINT WARNING * * *
The sixfirhy shocks you. You resist.
* * * LOW HITPOINT WARNING * * *
The sixfirhy hits you!
* * * LOW HITPOINT WARNING * * *
The sixfirhy shocks you. You resist.
* * * LOW HITPOINT WARNING * * *
The sixfirhy hits you but does no damage.
The sixfirhy hits you.
* * * LOW HITPOINT WARNING * * *
The sixfirhy shocks you. You resist.
You die...

{ ### . ###@## .. ##.##3#
... #....## ...# ##.##.#
....o ##..#.##......
##....{....#
#########....{......#
##..........)........#
##.....^............o....


You could see a sixfirhy (summoned).

Vanquished Creatures
  Gastronok (Lair:1)
  A hydra (Lair:2)
  A two-headed ogre (Orc:1)
  2 death yaks (D:9)
  An orc high priest (Orc:2)
  Urug (Lair:1)
  5 orc sorcerers (Orc:2)
  A wolf spider (Lair:2)
  2 cyclopes (Orc:1)
  A shining eye (Orc:2)
  The ghost of alucard the Gouger, a novice FeBe of Trog (D:8)
  The ghost of zeram the Blocker, a novice OpFi (D:6)
  A black mamba (Lair:1)
  A komodo dragon (Lair:2)
  2 jumping spiders (Lair:2)
  A troll (Orc:2)
  A hornet (D:9)
  4 blink frogs
  11 yaks
  A shadow (D:9)
  A redback (Lair:2)
  Eustachio (D:5)
  3 wyverns
  2 basilisks (Lair:2)
  3 steam dragons (D:7)
  3 wargs
  4 water moccasins
  An ice beast (D:7)
  18 orc warriors
  A black bear (D:5)
  4 sky beasts
  A hornet zombie (D:8)
  A necrophage (Temple)
  5 ogres
  6 wolves (Lair:2)
  7 centaurs
  A phantom (D:6)
  A kobold brigand (D:9)
  6 bullfrogs
  A gnoll sergeant (D:6)
  3 scorpions
  A wyvern zombie (D:7)
  2 water moccasin zombies (D:5)
  A killer bee (D:9)
  5 centaur zombies
  2 centaur skeletons (D:5)
  4 hounds
  2 jellies
  14 orc priests
  2 bullfrog skeletons
  3 gnoll shamans
  Terence (D:2)
  A hell rat (D:9)
  2 iguanas
  A scorpion zombie (D:5)
  32 orc wizards
  A killer bee zombie (D:5)
  17 gnolls
  10 adders
  A white imp (D:8)
  An ufetubus (D:5)
  A worm (D:3)
  A dart slug (D:1)
  61 orcs
  4 ball pythons
  8 endoplasms
  2 giant cockroaches
  5 goblins
  7 hobgoblins
  2 jackals (D:1)
  5 quokkas
  4 bats
  4 frilled lizards
  14 kobolds
  4 rats
338 creatures vanquished.

Vanquished Creatures (collateral kills)
  A death yak (D:9)
  8 orc warriors
  A sky beast (D:7)
  An ogre (Orc:1)
  2 centaurs (Bailey)
  An orc wizard (Orc:2)
  2 hell rats (D:9)
  A river rat (D:9)
  A shadow imp (D:7)
  A white imp (D:7)
  11 orcs
  A quokka (D:9)
31 creatures vanquished.

Vanquished Creatures (others)
  9 dancing weapons
  A sky beast (D:7)
  An orc priest (Orc:2)
  An orc wizard (Orc:2)
  2 fungi (Lair:1)
  8 plants
22 creatures vanquished.

Grand Total: 391 creatures vanquished

Notes
Turn   | Place    | Note
-------+----------+-------------------------------------------
     0 | D:1      | KrombopulosMichael the Formicid Earth Elementalist began
                  | the quest for the Orb.
     0 | D:1      | Reached XP level 1. HP: 13/13 MP: 3/3
   127 | D:1      | Reached XP level 2. HP: 11/19 MP: 1/5
   184 | D:1      | Learned a level 2 spell: Passwall
  1020 | D:1      | Reached XP level 3. HP: 24/24 MP: 4/6
  1454 | D:2      | Learned a level 3 spell: Stone Arrow
  1466 | D:2      | Found a faded altar of an unknown god.
  2051 | D:2      | Noticed Terence
  2055 | D:2      | Reached skill level 3 in Spellcasting
  2055 | D:2      | Reached XP level 4. HP: 30/30 MP: 5/8
  3171 | D:3      | Learned a level 1 spell: Corona
  3510 | D:3      | Reached skill level 5 in Earth Magic
  3510 | D:3      | Reached XP level 5. HP: 14/35 MP: 6/10
  3857 | D:2      | Killed Terence
  3858 | D:2      | Reached skill level 4 in Spellcasting
  4218 | D:4      | Reached XP level 6. HP: 38/41 MP: 10/12
  4291 | D:4      | Noticed an ogre
  4295 | D:4      | Killed an ogre
  4296 | D:4      | Reached skill level 1 in Armour
  4324 | D:4      | Reached skill level 5 in Spellcasting
  4324 | D:4      | Reached XP level 7. HP: 43/47 MP: 6/14
  4903 | D:4      | Found a blossoming altar of Fedhas.
  5241 | D:4      | Reached XP level 8. HP: 53/53 MP: 10/16
  5379 | D:4      | Found a stormy altar of Qazlal.
  5505 | D:5      | Entered Level 5 of the Dungeon
  5505 | D:5      | Found a radiant altar of Vehumet.
  5567 | D:5      | Noticed Eustachio
  5577 | D:5      | Killed Eustachio
  5578 | D:5      | Reached skill level 6 in Spellcasting
  5760 | D:5      | Reached skill level 1 in Conjurations
  5968 | D:5      | Noticed a yak
  5968 | D:5      | Noticed a yak
  5973 | D:5      | Noticed a yak
  5973 | D:5      | Noticed a yak
  5975 | D:5      | Noticed a yak
  5976 | D:5      | Noticed a yak
  5981 | D:5      | You fall into a shaft and drop 3 floors!
  6221 | D:6      | Reached skill level 1 in Fighting
  6221 | D:6      | Reached skill level 1 in Maces & Flails
  6294 | D:6      | Found a staircase to the Ecumenical Temple.
  6318 | Temple   | Entered the Ecumenical Temple
  6321 | Temple   | Reached skill level 7 in Spellcasting
  6334 | Temple   | Became a worshipper of Cheibriados the Contemplative
  6489 | D:6      | Learned a level 4 spell: Petrify
  6493 | D:6      | Learned a level 3 spell: Tukima's Dance
  6551 | D:6      | Reached XP level 9. HP: 52/59 MP: 10/20
  6643 | D:6      | Found a runed translucent door.
  6722 | D:6      | Noticed zeram's ghost (novice OpFi)
  6729 | D:6      | Killed zeram's ghost
  6730 | D:6      | Reached skill level 8 in Spellcasting
  7039 | D:5      | Found a shimmering altar of Xom.
  7088 | D:5      | Reached skill level 5 in Armour
  7263 | D:5      | Reached * piety under Cheibriados
  7345 | D:5      | Reached skill level 9 in Spellcasting
  7359 | D:5      | Reached XP level 10. HP: 65/65 MP: 0/23
  7890 | D:6      | Found Locobrirr's Armour Boutique.
  8019 | D:6      | Found a sparkling altar of Nemelex Xobeh.
  8285 | D:7      | Reached skill level 10 in Spellcasting
  8290 | D:7      | Reached skill level 1 in Throwing
  8294 | D:7      | Reached skill level 1 in Evocations
  8972 | D:7      | Reached ** piety under Cheibriados
  9778 | D:8      | Found Waumesy's Jewellery Emporium.
  9808 | D:8      | Identified the +5 chain mail of Henotheism {Contam rC+
                  | Dex+4 SInv}
  9904 | D:8      | Found a runed translucent gate.
  9905 | D:8      | Found a runed translucent gate.
  9906 | D:8      | Found a runed translucent gate.
  9909 | D:8      | Noticed alucard's ghost (novice FeBe)
 10309 | D:8      | Gained mutation: Your skin changes colour to match your
                  | surroundings (Stealth+). [potion of mutation]
 10523 | D:8      | Killed alucard's ghost
 10870 | D:9      | Identified the ring "Wyjeamil" {Wiz Dex+5}
 10943 | D:9      | Reached XP level 11. HP: 72/72 MP: 22/25
 11225 | D:9      | Noticed a death yak
 11227 | D:9      | Noticed a death yak
 11231 | D:9      | Noticed a death yak
 11233 | D:9      | Killed a death yak
 11236 | D:9      | Killed a death yak
 11237 | D:9      | Reached skill level 11 in Spellcasting
 11243 | D:9      | Killed a death yak
 11246 | D:9      | Reached *** piety under Cheibriados
 11252 | D:9      | Found a staircase to the Lair.
 11541 | D:9      | Found a staircase to the Orcish Mines.
 11692 | D:9      | Learned a level 5 spell: Borgnjor's Vile Clutch
 11697 | D:9      | Learned a level 4 spell: Animate Dead
 12269 | Lair:1   | Entered Level 1 of the Lair of Beasts
 12313 | Lair:1   | Noticed Gastronok
 12325 | Lair:1   | Killed Gastronok
 12335 | Lair:1   | Noticed Urug
 12360 | Lair:1   | Killed Urug
 13302 | Lair:2   | Reached XP level 12. HP: 79/84 MP: 20/27
 13516 | Lair:2   | Noticed a four-headed hydra
 13518 | Lair:2   | Reached skill level 12 in Spellcasting
 13540 | Lair:2   | Killed a four-headed hydra
 13904 | Lair:2   | Reached **** piety under Cheibriados
 13963 | Lair:2   | Found a hole to the Spider Nest.
 13998 | Lair:2   | Reached skill level 5 in Fighting
 14556 | Lair:2   | Reached skill level 10 in Earth Magic
 14913 | Orc:1    | Entered Level 1 of the Orcish Mines
 14930 | Orc:1    | Found a flagged portal.
 14930 | Orc:1    | Noticed a two-headed ogre
 14937 | Orc:1    | Killed a two-headed ogre
 14966 | Orc:1    | Reached ***** piety under Cheibriados
 15010 | Bailey   | Entered a bailey
 15445 | Bailey   | Reached skill level 1 in Hexes
 15933 | Bailey   | Identified the +4 mace "Jellybane" {flame, Will+}
 16495 | Orc:1    | Reached skill level 13 in Spellcasting
 16761 | Orc:2    | Entered Level 2 of the Orcish Mines
 16762 | Orc:2    | Noticed a two-headed ogre
 16813 | Orc:1    | Reached XP level 13. HP: 12/93 MP: 13/30
 17239 | Orc:2    | Reached skill level 1 in Necromancy
 17277 | Orc:2    | Reached ****** piety under Cheibriados
 17285 | Orc:2    | Gained mutation: Your body sometimes deteriorates upon
                  | taking damage. [a shining eye]
 17289 | Orc:2    | Gained mutation: You are frail. (-10% HP) [a shining eye]
 17290 | Orc:2    | Gained mutation: You occasionally shout uncontrollably at
                  | your foes. [a shining eye]
 17594 | Orc:2    | Reached skill level 5 in Maces & Flails
 17847 | Orc:2    | Found Biexamne's Assorted Antiques.
 17847 | Orc:2    | Found Qodwysy's Antique Armour Emporium.
 17847 | Orc:2    | Found Xiwof's Book Emporium.
 18014 | Orc:2    | Found Ujas's Assorted Antiques.
 18248 | Orc:2    | HP: 3/85 [sixfirhy[an orc sorcerer] (3)]
 18248 | Orc:2    | Slain by a sixfirhy

Illustrated notes

Levels and vault maps discovered:
D:1:      matt_arrival_spirals, layout_basic
D:2:      layout_basic, hellmonk_ecumenical_altar_run_dry,
          kennysheep_generic_room_5, uniq_terence
D:3:      layout_basic, minmay_statues_item
D:4:      layout_basic, nicolae_qazlal_scattered_showers,
          mainiacjoe_overflow_six_doors_small, minmay_mini_jars
D:5:      wander_river, layout_loops_ring, mainiacjoe_overflow_24_doors,
          nicolae_vehumet_radiance, uniq_eustachio
D:6:      layout_loops_ring, nemelex_spade_bored_becter,
          minmay_temple_entry_junction, serial_shops, shop,
          ebering_ghost_reflecting_pool
D:7:      layout_gridville, hangedman_misty_isle
D:8:      layout_loops_ring, ebering_ghost_rock_garden, serial_shops,
          kennysheep_mini_moat
D:9:      minmay_general_purpose_star, layout_long_grid, dpeg_lair_monsters
Temple:   nicolae_temple_no_exploring_needed
Lair:1:   layout_cave_pods, uniq_gastronok, uniq_urug
Lair:2:   layout_roguey, spider_nest_entry_funnel_web
Orc:1:    layout_caves, enter_bailey_2
Orc:2:    st_orc_mages, layout_caves, basic_altar

Skill      XL: |  1  2  3  4  5  6  7  8  9 10 11 12 13 |
---------------+----------------------------------------+-----
Dodging        | 2 3 |  3.0
Earth Magic    | 4 5 6 8 9 10 | 10.3
Spellcasting   | 3 4 5 7 9 10 11 13 | 13.7
Stealth        | 3 4 |  4.2
Armour         | 1 3 4 5 6 8 9 |  9.7
Conjurations   | 1 2 3 4 |  4.3
Fighting       | 1 2 4 6 |  6.7
Maces & Flails | 1 3 4 5 |  5.2
Throwing       | 1 |  1.9
Evocations     | 1 2 |  2.6
Hexes          | 2 3 |  3.0
Necromancy     | 1 |  1.2
Transmutations | |  1.5

Action                   |  1- 3 |  4- 6 |  7- 9 | 10-12 | 13-15 || total
-------------------------+-------+-------+-------+-------+-------++-------
Melee: Unarmed           |    23 |     8 |       |       |       ||    31
       Flail             |       |    17 |    27 |   231 |    96 ||   371
Throw: Javelin           |       |       |    17 |     9 |       ||    26
 Cast: Sandblast         |    42 |    45 |    97 |    74 |    11 ||   269
       Passwall          |     1 |     2 |       |       |       ||     3
       Stone Arrow       |     2 |     2 |    40 |   128 |    22 ||   194
       Corona            |       |     2 |       |     5 |     1 ||     8
       Petrify           |       |       |     1 |     8 |       ||     9
       Borgnjor's Vile C |       |       |       |    12 |     4 ||    16
       Tukima's Dance    |       |       |       |    42 |    26 ||    68
       Animate Dead      |       |       |       |     5 |     5 ||    10
 Abil: Dig               |       |    16 |     1 |     7 |     5 ||    29
       Shaft Self        |       |       |     1 |       |       ||     1
Evoke: Wand              |       |       |     6 |    18 |     2 ||    26
  Use: Scroll            |     1 |     8 |     3 |    14 |       ||    26
       Potion            |       |     3 |       |    11 |     3 ||    17
 Stab: Petrified         |       |       |       |    12 |       ||    12
       Petrifying        |       |       |       |     1 |       ||     1
Armor: Robe              |     2 |     9 |       |       |       ||    11
       Chain mail        |       |     7 |       |   246 |    61 ||   314
       Scale mail        |       |    15 |    54 |    22 |       ||    91
       Skin              |       |       |       |     6 |       ||     6
Dodge: Dodged            |    23 |    17 |    45 |   247 |    83 ||   415
